cohdb
Replays
Latest Replays
All Replays
Popular Replays
Top Player Replays
Match Explorer
How It Works
Community
CoH3 Stats
Reddit
Sign in to upload your games and track your stats! →
Sign in with Steam
Top Gun (ID:76561199344139459) map hacks
Match 23434954
Overview
Messages
Build Orders
End
Construct Infanterie Kompanie
MG 42 Machine Gun Team
Grenadier Squad
Grenadier Squad
Grenadier Squad
Infanterie Officer Quarters
Selects Mechanized Battlegroup
Selects Raid Package
MG 42 Bunker
Construct Panzergrenadier Kompanie
MG 42 Bunker
Support Elements
MG 42 Bunker
Selects StuG Assault Group
StuG Assault Group
StuG III G Assault Gun
StuG Assault Group
Selects UNKNOWN (2160084)
Selects Spotting Scopes
StuG Assault Group
Pioneer Squad
StuG III G Assault Gun
Selects Wespe Self-propelled Artillery
Selects Zeroing Artillery Barrage
Zeroing Artillery Barrage
Construct Panzer Kompanie
cbigney
Paice
TOP GUN
カルト_くん
MrMizchief
Shnappi
0
0
Comments
sign in to comment!
No comments posted yet!